 Dungeon Crawl Stone Soup version 0.17-a0-1479-g4041c36 (webtiles) character file.

72 Vlagh the Changer (level 4, -1/19 HPs)
             Began as a Felid Transmuter on July 3, 2015.
             Slain by an adder (5 damage)
             ... on level 3 of the Dungeon.
             The game lasted 00:12:22 (3017 turns).

Vlagh the Changer (Felid Transmuter)                Turns: 3017, Time: 00:12:22

Health: -1/19      AC:  1    Str:  7    XL:     4   Next: 7%
Magic:  8/10       EV: 18    Int: 14    God:
Gold:   89         SH:  0    Dex: 16    Spells: 3 memorised, 3 levels left
                                        Lives:  0   Deaths: 1

rFire  . . .     SeeInvis +       - Unarmed
rCold  . . .     Clarity  .     (armour unavailable)
rNeg   . . .     SustAt   .     (shield unavailable)
rPois  .         Gourm    .     (helmet unavailable)
rElec  .         Spirit   .     (cloak unavailable)
rCorr  .         Warding  .     (gloves unavailable)
rMut   .         Stasis   .     (boots unavailable)
MR     .....                    (no amulet)
Stlth  ++........               (no ring)
                                (no ring)

@: lethally poisoned (-1 -> -5), quick, not resistant to hostile enchantments,
unstealthy
A: no armour, no weapons or thrown items, claws 1, fangs 3, see invisible,
carnivore 3, speed 1, shaggy fur 1, slow metabolism 1, sharp paws
a: no special abilities


You were on level 3 of the Dungeon.
You were very full.

You visited 1 branch of the dungeon, and saw 3 of its levels.

You collected 89 gold pieces.

Inventory:

Missiles
 a - 28 arrows
Potions
 g - a potion of might
 h - a potion of brilliance
Books
 b - a book of Changes

   Spells                             Type                      Level
   a - Beastly Appendage              Transmutation                1
   b - Sticks to Snakes               Transmutation                2
   c - Spider Form                    Transmutation/Poison         3
   d - Ice Form                       Ice/Transmutation            4
   e - Blade Hands                    Transmutation                5
Comestibles
 c - 3 meat rations
 d - 3 chunks of flesh


   Skills:
 - Level 1.0 Fighting
 - Level 2.6 Dodging
 - Level 3.0 Unarmed Combat
 - Level 3.3 Spellcasting
 + Level 3.4 Transmutations
 + Level 2.1 Poison Magic


You had 3 spell levels left.
You knew the following spells:

 Your Spells              Type           Power        Failure   Level  Hunger
a - Beastly Appendage     Trmt           ##....       6%          1    #......
b - Sticks to Snakes      Trmt           ##........   10%         2    ##.....
c - Spider Form           Trmt/Pois      ##........   21%         3    ###....


Dungeon Overview and Level Annotations

Branches:
Dungeon (3/15)

Altars:
Gozag
Yredelemnul
Zin


Innate Abilities, Weirdness & Mutations

You cannot wear armour.
You are incapable of wielding weapons or throwing items.
You have sharp claws.
You have razor-sharp teeth.
You have supernaturally acute eyesight.
You are carnivorous and can eat meat at any time.
You cover ground quickly.
You are covered in fur (AC +1).
You have a slow metabolism.
Your sharp claws are effective at attacking unaware monsters.


Message History

The adder is lightly wounded.
The adder completely misses you.
You closely miss the adder.
The adder is lightly wounded.
Your transformation has ended.
The adder misses you.
Drink which item? (? for menu, Esc to quit)
It was a potion of curing.
You feel better. The adder bites you.
You are poisoned.
The adder poisons you!
You claw the adder!
The adder begins to bleed from its wounds!
The adder is severely wounded.
You feel sick. The adder bites you.
* * * LOW HITPOINT WARNING * * *
The adder barely misses you.
You scratch the adder but do no damage.
The adder is severely wounded.
The adder bites you.
You die...

#..# ##########..#
#......)...#.# #§§§...######.
#§§§...# # # ##§§§...# #..
#§§.....#
#....##########.......#
......)....S@.........##
#....###########.......######
#.. ######...##... # ###
##..###.## ...######..##.....
###.........#.8...8
.....#......#......
####...#.#......_..
.......<...##......


You could see an adder (bleeding).

Vanquished Creatures
  Terence (D:2)
  A gnoll (D:3)
  3 adders
  A worm (D:2)
  9 bats
  8 goblins
  10 hobgoblins
  4 jackals (D:1)
  A quokka (D:2)
  A ball python (D:2)
  3 giant cockroaches
  5 giant newts
  7 kobolds
  8 rats
62 creatures vanquished.

Notes
Turn   | Place    | Note
--------------------------------------------------------------
     0 | D:1      | Vlagh the Felid Transmuter began the quest for the Orb.
     0 | D:1      | Reached XP level 1. HP: 9/9 MP: 4/4
   321 | D:1      | Reached XP level 2. HP: 9/12 MP: 4/6
   357 | D:1      | Learned a level 2 spell: Sticks to Snakes
   812 | D:1      | Reached XP level 3. HP: 15/15 MP: 6/8
   817 | D:1      | Learned a level 3 spell: Spider Form
  1739 | D:2      | Found a basalt altar of Yredelemnul.
  1875 | D:2      | Noticed Terence
  1886 | D:2      | Killed Terence
  1886 | D:2      | Reached skill level 1 in Poison Magic
  1886 | D:2      | Reached XP level 4. HP: 5/19 MP: 6/10
  2131 | D:2      | Found a glowing silver altar of Zin.
  2131 | D:2      | Found Zin's Purification Station.
  2722 | D:2      | Succumbed to an adder's poison
  2723 | D:2      | Reached XP level 3. HP: 0/15 MP: 8/8
  2832 | D:3      | Found an opulent altar of Gozag.
  3000 | D:3      | Reached XP level 4. HP: 5/19 MP: 6/10
  3017 | D:3      | Slain by an adder

Vault maps used:
D:1:      grunt_arrival_crossed_arrows
D:2:      zin_purify, lemuel_round_altar, first_bread, kennysheep_boxes,
          uniq_terence
D:3:      grunt_gozag_statues, eino_tiny_chamber, kennysheep_doodads,
          minmay_joined_circles

Action                   |  1- 3 |  4- 6 || total
-------------------------+-------+-------++-------
Melee: Unarmed           |   103 |    51 ||   154
 Cast: Beastly Appendage |    33 |     5 ||    38
       Spider Form       |     6 |     6 ||    12
 Abil: End Transformatio |       |     1 ||     1
  Use: Scroll            |     6 |     1 ||     7
       Potion            |     1 |     1 ||     2
 Stab: Sleeping          |     4 |     1 ||     5
  Eat: Chunk             |    15 |     3 ||    18
